 Dungeon Crawl Stone Soup version 0.26-a0-1040-gbe3abf3417 (webtiles) character file.

Game seed: 12047263189243374947

52 sahdkjhfkaj the Shield-Bearer (level 3, -4/33 HPs)
             Began as a Deep Dwarf Fighter on Dec 12, 2020.
             Slain by a gnoll
             ... wielding a +0 spear
              (5 damage)
             ... on level 3 of the Dungeon.
             The game lasted 00:02:18 (1500 turns).

sahdkjhfkaj the Shield-Bearer (Deep Dwarf Fighter)  Turns: 1500, Time: 00:02:18

Health: -4/33      AC:  6    Str: 20    XL:     3   Next: 60%
Magic:  3/3        EV:  8    Int:  8    God:
Gold:   174        SH: 10    Dex: 18    Spells: 2/2 levels left

rFire    . . .     SeeInvis .   a - +0 war axe
rCold    . . .     Faith    .   c - +0 kite shield
rNeg     . . .     Spirit   .   b - +0 scale mail
rPois    .         Reflect  .   (no helmet)
rElec    .         Harm     .   (no cloak)
rCorr    .         Rampage  .   (no gloves)
Will     .....                  (no boots)
Stlth    ..........             (no amulet)
HPRegen  0.00/turn              f - +6 ring of dexterity
MPRegen  0.08/turn              (no ring)

@: non-regenerating
A: damage resistance, heal wounds, sense surroundings 1, no regeneration
a: Heal Wounds


You were on level 3 of the Dungeon.
You visited 1 branch of the dungeon, and saw 3 of its levels.

You collected 174 gold pieces.

Inventory:

Hand Weapons
 a - a +0 war axe (weapon)
Armour
 b - a +0 scale mail (worn)
 c - a +0 kite shield (worn)
Jewellery
 f - a +6 ring of dexterity (left hand)
Scrolls
 g - a scroll of amnesia
 h - 3 scrolls of remove curse
 j - a scroll of fog
 n - a scroll of magic mapping
Potions
 d - a potion of might
 e - a potion of lignification {unknown}
 k - a potion of magic {unknown}
 l - a potion of curing {unknown}
 m - 2 potions of brilliance {unknown}
 o - a potion of flight {unknown}


   Skills:
 + Level 2.9 Fighting
 * Level 3.0 Axes
 + Level 3.5 Armour
 + Level 1.3 Dodging
 * Level 3.8 Shields


You had 2 spell levels left.
You didn't know any spells.
Your spell library was empty.

Dungeon Overview and Level Annotations

Branches:
Dungeon (3/15)

Altars:
Ashenzari


Innate Abilities, Weirdness & Mutations

You are resistant to damage.
You can heal yourself by infusing magical energy.
You passively map a small area around you.
You do not regenerate.


Message History

The ball python is moderately wounded.
You miss the bat. You block the bat's attack.
The ball python bites you but does no damage.
The ball python constricts you.
The gnoll hits you from afar with a cursed +0 halberd!
* * * LOW HITPOINT WARNING * * *
The gnoll hits you but does no damage. The ball python barely misses you.
The ball python constricts you. The bat barely misses you.
You slash the ball python!
You kill the ball python!
You barely miss the gnoll. You hit the bat.
You kill the bat!
The gnoll hits you from afar with a +0 spear.
* * * LOW HITPOINT WARNING * * *
The gnoll hits you from afar with a cursed +0 halberd.
* * * LOW HITPOINT WARNING * * *
The gnoll hits you with a +0 club.
* * * LOW HITPOINT WARNING * * *
The gnoll hits you from afar with a +0 spear!
You die...

* ######
.#.....##
.####
........##.#..
, , , ,
.........#...
...........# *
, ...........*
, ....."...# ,
.......<.#
.......@.# ,
......g.## ,
.#...gg.. * *
* * ###K.#...
, , *
#w.......,*,*
* *
....#......* ,
.....,.##...#
, , ......#
...#, < , , *


You could see 3 gnolls, a dart slug and a kobold.

Vanquished Creatures
  A worm (D:2)
  A dart slug (D:1)
  A leopard gecko (D:2)
  5 bats
  2 giant cockroaches (D:2)
  2 goblins (D:1)
  6 hobgoblins
  7 jackals (D:1)
  5 kobolds (D:1)
  A ball python (D:3)
  6 frilled lizards
  6 rats
43 creatures vanquished.

Notes
Turn   | Place    | Note
-------+----------+-------------------------------------------
     0 | D:1      | sahdkjhfkaj the Deep Dwarf Fighter began the quest for the
                  | Orb.
     0 | D:1      | Reached XP level 1. HP: 20/20 MP: 1/1
    54 | D:1      | Reached XP level 2. HP: 21/27 MP: 2/2
    68 | D:1      | Found a broken altar of Ashenzari.
   459 | D:1      | Reached XP level 3. HP: 22/33 MP: 3/3
   488 | D:1      | Reached skill level 1 in Dodging
  1500 | D:3      | HP: 1/33 [gnoll/+0 club (1)]
  1500 | D:3      | Slain by a gnoll

Illustrated notes

Levels and vault maps discovered:
D:1:      dpeg_arrival_boxorama, layout_basic, evilmike_ruin_ashenzari
D:2:      layout_loops_ring, minmay_misc_feat_hallway, nicolae_underground_beach
D:3:      layout_rooms, dk_vineyard_2, uniq_jessica, uniq_crazy_yiuf_cottage

Skill      XL: |  1  2  3 |
---------------+----------+-----
Dodging        | 1 |  1.3
Axes           | 3 |  3.0
Fighting       | |  2.9
Armour         | |  3.5
Shields        | |  3.8

Action                   || total
-------------------------++-------
Melee: War axe           ||   137
  Use: Scroll            ||     5
Armor: Scale mail        ||    71
Dodge: Dodged            ||    54
Block: Kite shield       ||    81

Table legend: (Time is in decaauts)
 A = Elapsed time spent in this place.
 B = Non-inter-level travel time spent in this place.
 C = Inter-level travel time spent in this place.
 D = Time resting spent in this place.
 E = Time spent auto-exploring this place.
 F = Levels seen in this place.
 G = Mean time per level.
                   A        B        C        D        E       F      G
               +--------+--------+--------+--------+--------+-----+--------+
         Total |   1560 |   1531 |     29 |      0 |   1201 |   3 |  520.0 |
       Dungeon |   1560 |   1531 |     29 |      0 |   1201 |   3 |  520.0 |
               +--------+--------+--------+--------+--------+-----+--------+

Top non-repeatable levels by time:
     D:1: 900 daAuts
     D:2: 650 daAuts
     D:3: 8 daAuts
